 Dungeon Crawl Stone Soup version 0.23.2-1-ga50397a (console) character file.

Game seed: 12254543757676982577

6061 Femto the Nimble (level 10, 49/49 HPs)
             Began as a Felid Berserker on Apr 19, 2019.
             Was the Champion of Trog.
             Got out of the dungeon alive.
             The game lasted 01:02:59 (12757 turns).

Femto the Nimble (Felid Berserker)                 Turns: 12757, Time: 01:03:00

Health: 49/49      AC:  4    Str: 16    XL:     10   Next: 57%
Magic:  17/17      EV: 28    Int:  8    God:    Trog [******]
Gold:   558        SH:  0    Dex: 17    Spells: 9/9 levels left
                                        Lives:  1   Deaths: 1

rFire    . . .     SeeInvis +     - Unarmed
rCold    . . .     Gourm    .   (shield unavailable)
rNeg     . . .     Faith    .   (armour unavailable)
rPois    .         Spirit   .   (helmet unavailable)
rElec    .         Reflect  .   (cloak unavailable)
rCorr    .         Harm     .   (gloves unavailable)
MR       +....                  (boots unavailable)
Stlth    ++........             f - amulet of regeneration
HPRegen  0.56/turn              (no ring)
MPRegen  0.15/turn              w - +2 ring of protection

@: quick
A: very small, no armour, no weapons or thrown items, stealth, claws 1, fangs 3,
see invisible, carnivore, speed 1, shaggy fur 2, slow metabolism 1, sharp paws
a: Berserk, Trog's Hand, Brothers in Arms, Renounce Religion


You escaped.
You worshipped Trog.
Trog was exalted by your worship.
You were very full.

You visited 2 branches of the dungeon, and saw 12 of its levels.
You also visited: Ossuary.

You collected 558 gold pieces.

Inventory:

Jewellery
 f - an amulet of regeneration (around neck)
 l - an uncursed ring of ice
 w - a +2 ring of protection (right paw)
Wands
 m - a wand of acid (3)
 r - a wand of random effects (14)
 t - a wand of disintegration (10)
 x - a wand of flame (16)
 A - a wand of iceblast (5)
Scrolls
 b - 6 scrolls of remove curse
 c - 8 scrolls of teleportation
 e - 2 scrolls of blinking
 j - 2 scrolls of enchant weapon
 n - 3 scrolls of enchant armour
 p - 2 scrolls of magic mapping {unknown}
 v - a scroll of fog
 y - 2 scrolls of amnesia {unknown}
 z - a scroll of immolation
 B - a scroll of holy word
 C - a scroll of torment {unknown}
 E - a scroll of noise {unknown}
 G - a scroll of vulnerability {unknown}
 I - a scroll of acquirement {unknown}
Potions
 d - 4 potions of might
 g - a potion of ambrosia {unknown}
 h - 3 potions of curing
 i - 2 potions of magic {unknown}
 k - 5 potions of flight
 o - 3 potions of mutation
 q - 2 potions of heal wounds
 s - a potion of agility {unknown}
 u - 2 potions of degeneration {unknown}
 D - a potion of resistance {unknown}
 F - a potion of haste {unknown}
 J - a potion of lignification {unknown}
Comestibles
 a - 27 rations


   Skills:
 + Level 9.6 Fighting
 + Level 12.1 Dodging
 + Level 11.6 Unarmed Combat
 + Level 8.2 Evocations


You had 9 spell levels left.
You didn't know any spells.
Your spell library contained the following spells:

 Spells                   Type           Power        Failure   Level  Hunger
 Freeze                   Ice            #...         41%         1    ##.....
 Throw Frost              Conj/Ice       #.....       54%         2    ###....
 Ozocubu's Armour         Chrm/Ice       #.......     78%         3    ####...
 Summon Ice Beast         Ice/Summ       #.......     99%         4    #####..
 Throw Icicle             Conj/Ice       #.......     99%         4    #####..


Dungeon Overview and Level Annotations

Branches:
Dungeon (11/15)            Temple (1/1) D:7             Orc (0/2) D:10
   Lair: D:8-11

Altars:
Ashenzari
Cheibriados
Dithmenos
Elyvilon
Fedhas
Gozag
Hepliaklqana
Kikubaaqudgha
Makhleb
Nemelex Xobeh
Okawaru
Qazlal
Ru
Sif Muna
Trog
Uskayaw
Vehumet
Wu Jian
Xom
Yredelemnul
Zin
The Shining One
Beogh
Lugonu

Shops:
D:5 [

Annotations:
D:3 1 exclusion
D:6 2 transporters, Prince Ribbit; faustus's ghost, novice DsGl
D:8 2 transporters
D:11 Snorg


Innate Abilities, Weirdness & Mutations

You cannot wear armour.
You are incapable of wielding weapons or throwing items.
Your paws allow you to move quietly. (Stealth)
You have sharp claws.
You have razor-sharp teeth.
You have supernaturally acute eyesight. (SInv)
You are carnivorous and can eat meat at any time.
You cover ground quickly.
You are covered in thick fur. (AC +2)
You have a slow metabolism.
Your sharp claws are effective at attacking unaware monsters.


Message History

You see here 8 stones.
There is a stone staircase leading up, spattered with blood here.
You climb upwards.
There is a stone staircase leading down here.
There is a stone staircase leading up here.
You climb upwards.
Level annotation: 1 exclusion
There is a stone staircase leading down here.
There is a stone staircase leading up here.
You climb upwards.
There is a stone staircase leading down here.
There is a stone staircase leading up here.
You climb upwards.
There is a stone staircase leading down here.
You see here 7 javelins.
You see here 13 stones.
You see here 28 stones.
There is a staircase leading out of the dungeon here.
Are you sure you want to leave the Dungeon?
This will make you lose the game!
You have escaped!

.....#......##..##.......# #
.....#......##..##.##+#### #
.........#..###>##....# #
.........#..#.(....####
....#....#..#......#
######.#.####......#
#.#...(....#### #.###########
#####.#.....##.@######## ######
#...#.#.###.#....##....####....#
##...#.#.....#....#......##......
.'.....####..##..##..##..##..##..
##...........##..##..##..##..##..
#....#......##..##..##..##..##..
#...........##).##..##..##..##..
######.##...##......##......##..
#.##...###...[####....####.


There were no monsters in sight!

Vanquished Creatures
  2 two-headed ogres (D:10)
  Nergalle (D:11)
  3 unseen horrors (D:10)
  Pikel (D:8)
  3 trolls
  Grinder (D:4)
  A spriggan (D:7)
  11 yaks (D:10)
  2 hungry ghosts (D:8)
  A vampire (D:10)
  Menkaure (Ossuary)
  An ice beast (D:6)
  2 sky beasts
  4 orc warriors
  A phantom (D:4)
  7 ogres
  A necrophage (D:10)
  3 centaurs
  A crocodile (D:10)
  5 bullfrogs
  A gnoll sergeant (D:8)
  A wyvern skeleton (D:11)
  A water moccasin skeleton (D:7)
  7 scorpions
  2 howler monkeys (D:9)
  10 crimson imps
  A bullfrog zombie (D:8)
  3 centaur skeletons
  A centaur zombie (D:10)
  7 hounds
  2 jellies
  8 orc priests
  Crazy Yiuf (D:3)
  Jessica (D:2)
  3 iguanas
  11 orc wizards
  5 worker ants
  2 hound skeletons
  3 mummies (Ossuary)
  A worker ant zombie (D:5)
  Robin (D:2)
  23 gnolls
  15 adders
  3 shadow imps
  4 oozes
  3 adder skeletons
  An adder zombie (D:9)
  A worm (D:4)
  A dart slug (D:4)
  4 leopard geckos
  35 orcs
  5 giant cockroaches
  4 gnoll zombies (Ossuary)
  5 hobgoblins
  5 kobolds
  5 quokkas
  A ball python skeleton (D:5)
  8 bats
  4 frilled lizards
  A gnoll skeleton (Ossuary)
  27 goblins
  5 goblin skeletons (Ossuary)
  3 goblin zombies (Ossuary)
  5 hobgoblin skeletons (Ossuary)
  6 hobgoblin zombies (Ossuary)
  4 kobold skeletons (Ossuary)
  8 kobold zombies (Ossuary)
  2 orc skeletons (Ossuary)
  2 orc zombies (Ossuary)
  9 rats
  7 rat skeletons (Ossuary)
  2 rat zombies (Ossuary)
  A fungus (D:3)
333 creatures vanquished.

Vanquished Creatures (collateral kills)
  A kobold demonologist (D:11)
1 creature vanquished.

Vanquished Creatures (others)
  A dart slug (D:2)
  A leopard gecko (D:2)
  A hobgoblin skeleton (Ossuary)
3 creatures vanquished.

Grand Total: 337 creatures vanquished

Notes
Turn   | Place    | Note
-------+----------+-------------------------------------------
     0 | D:1      | Femto the Felid Berserker began the quest for the Orb.
     0 | D:1      | Reached XP level 1. HP: 10/10 MP: 2/2
   261 | D:1      | Reached XP level 2. HP: 8/14 MP: 3/3
   336 | D:1      | Found a sparkling altar of Nemelex Xobeh.
   939 | D:2      | Noticed Jessica
   946 | D:2      | Reached XP level 3. HP: 16/17 MP: 4/4
   954 | D:2      | Killed Jessica
  1076 | D:2      | Found a white marble altar of Elyvilon.
  1091 | D:2      | Reached ** piety under Trog
  1191 | D:2      | Found a sacrificial altar of Ru.
  1349 | D:2      | Reached XP level 4. HP: 21/21 MP: 5/5
  1360 | D:2      | Noticed Robin
  1375 | D:2      | Killed Robin
  1487 | D:2      | Found a hazy altar of Hepliaklqana.
  1966 | D:3      | Reached skill level 5 in Dodging
  2012 | D:2      | Reached XP level 5. HP: 13/25 MP: 6/6
  2463 | D:3      | Noticed an ogre
  2491 | D:3      | Killed an ogre
  2491 | D:3      | Reached skill level 5 in Unarmed Combat
  2491 | D:3      | Gained mutation: You are covered in thick fur. (AC +2)
                  | [Felid growth]
  2491 | D:3      | Reached XP level 6. HP: 28/28 MP: 7/7
  2749 | D:3      | Found a runed translucent door.
  2750 | D:3      | Noticed Crazy Yiuf
  2760 | D:3      | Killed Crazy Yiuf
  2908 | D:3      | Found a burning altar of Makhleb.
  2909 | D:3      | Found a radiant altar of Vehumet.
  2916 | D:3      | Reached *** piety under Trog
  2981 | D:4      | Reached skill level 6 in Dodging
  3152 | D:4      | Noticed Grinder
  3166 | D:4      | Killed Grinder
  3166 | D:4      | Reached skill level 5 in Fighting
  3166 | D:4      | Reached XP level 7. HP: 6/33 MP: 8/8
  4099 | D:4      | Reached skill level 7 in Dodging
  4139 | D:5      | Entered Level 5 of the Dungeon
  4405 | D:5      | Reached XP level 8. HP: 37/37 MP: 9/9
  4578 | D:5      | Found a glowing silver altar of Zin.
  4579 | D:5      | Noticed an angel
  4760 | D:5      | Found Zoepp's Antique Armour Emporium.
  4993 | D:5      | Reached skill level 1 in Evocations
  5032 | D:5      | Found a blossoming altar of Fedhas.
  5319 | D:4      | Reached skill level 8 in Dodging
  5736 | D:3      | Reached **** piety under Trog
  5745 | D:3      | Found a deep blue altar of Sif Muna.
  5983 | D:6      | Noticed Prince Ribbit
  6096 | D:6      | Found a transporter.
  6098 | D:6      | Found a transporter.
  6098 | D:6      | Identified the +10 dire flail of Exoneration {protect, rF+
                  | SInv}
  6098 | D:6      | Noticed a two-headed ogre
  6102 | D:6      | Noticed faustus's ghost (novice DsGl)
  6160 | D:6      | Reached XP level 9. HP: 42/42 MP: 10/12
  6348 | D:6      | Found a blossoming altar of Fedhas.
  6730 | D:7      | Found a sand-covered staircase.
  6748 | Ossuary  | Entered an ossuary
  7117 | Ossuary  | Reached ***** piety under Trog
  7353 | Ossuary  | Noticed Menkaure
  7410 | Ossuary  | Killed Menkaure
  7694 | D:7      | Found a staircase to the Ecumenical Temple.
  7703 | Temple   | Entered the Ecumenical Temple
  8023 | D:7      | Reached skill level 9 in Dodging
  8180 | D:8      | Found a transporter.
  8180 | D:8      | Noticed a purple ugly thing
  8181 | D:8      | Found a transporter.
  8181 | D:8      | Noticed a cyan ugly thing
  8182 | D:8      | Found a corrupted altar of Lugonu.
  8182 | D:8      | Noticed a white ugly thing
  8365 | D:8      | Found a sparkling altar of Nemelex Xobeh.
  8365 | D:8      | Found an opulent altar of Gozag.
  8390 | D:8      | Noticed Pikel
  8398 | D:8      | Found a bloodstained altar of Trog.
  8577 | D:8      | Found a shattered altar of Ashenzari.
  8907 | D:8      | Reached skill level 10 in Unarmed Combat
  8982 | D:8      | Found a bloodstained altar of Trog.
  8988 | D:8      | Noticed a brown ugly thing
  9583 | D:8      | Killed Pikel
  9583 | D:8      | Reached skill level 5 in Evocations
  9583 | D:8      | Reached XP level 10. HP: 47/47 MP: 14/14
  9651 | D:9      | Reached skill level 10 in Dodging
 10328 | D:9      | Found a hide-covered altar of Uskayaw.
 10532 | D:10     | Entered Level 10 of the Dungeon
 10537 | D:10     | Noticed a two-headed ogre
 10717 | D:10     | Found a staircase to the Orcish Mines.
 10897 | D:10     | Found a roughly hewn altar of Beogh.
 11015 | D:10     | Reached ****** piety under Trog
 11351 | D:10     | Reached skill level 11 in Dodging
 11520 | D:10     | Noticed a two-headed ogre
 11558 | D:10     | Killed a two-headed ogre
 11558 | D:10     | Reached XP level 11. HP: 52/52 MP: 17/17
 11590 | D:10     | Noticed an unseen horror
 11605 | D:10     | Killed an unseen horror
 11772 | D:10     | Noticed an unseen horror
 11782 | D:10     | Noticed an unseen horror
 11790 | D:10     | Killed an unseen horror
 11800 | D:10     | Killed an unseen horror
 12054 | D:10     | Killed a two-headed ogre
 12314 | D:11     | Reached skill level 12 in Dodging
 12322 | D:11     | Noticed Nergalle
 12339 | D:11     | Noticed a spectral orc warlord
 12341 | D:11     | Killed Nergalle
 12363 | D:11     | Noticed Snorg
 12370 | D:11     | HP: 2/53 [Snorg (12)]
 12372 | D:11     | Demolished by Snorg
 12373 | D:11     | Reached XP level 10. HP: -19/49 MP: 17/17
 12757 | D:$      | Got out of the dungeon alive.

Skill      XL: |  1  2  3  4  5  6  7  8  9 10 11 |
---------------+----------------------------------+-----
Unarmed Combat | 4 5 6 7 8 10 11 | 11.6
Dodging        | 5 6 7 8 9 11 12 | 12.1
Fighting       | 4 5 6 7 8 9 |  9.6
Evocations     | 2 5 7 8 |  8.2

Action                   |  1- 3 |  4- 6 |  7- 9 | 10-12 || total
-------------------------+-------+-------+-------+-------++-------
Melee: Unarmed           |    68 |   155 |   469 |   292 ||   984
       Bite              |     6 |    21 |    53 |    45 ||   125
       Punch             |       |     1 |    16 |    25 ||    42
Invok: Berserk           |     2 |     8 |    20 |    16 ||    46
       Trog's Hand       |       |     1 |       |       ||     1
       Brothers in Arms  |       |       |       |     1 ||     1
Evoke: Wand              |       |       |     1 |       ||     1
  Use: Scroll            |       |     1 |     9 |     3 ||    13
 Stab: Sleeping          |     2 |     2 |     2 |     1 ||     7
       Distracted        |       |       |       |     2 ||     2
  Eat: Chunk             |    10 |    10 |    33 |    26 ||    79
Armor: Skin              |     4 |     5 |    16 |     7 ||    32
Dodge: Dodged            |    36 |    95 |   273 |   238 ||   642
